 Dungeon Crawl Stone Soup version 0.27-a0-765-ge4d627daa3 (webtiles) character file.

Game seed: 7784417370556441212

32572 rageheart7 the Spear-Bearer (level 13, -13/104 HPs)
             Began as a Demonspawn Abyssal Knight on Mar 25, 2021.
             Was a High Priest of Lugonu.
             Killed from afar by an ice statue (20 damage)
             ... with a shard of ice
             ... in an ice cave.
             The game lasted 00:35:51 (22666 turns).

rageheart7 the Spear-Bearer (DsAK)                 Turns: 22666, Time: 00:35:52

Health: -13/104    AC:  9    Str: 16    XL:     13   Next: 32%
Magic:  0/19       EV: 19    Int: 15    God:    Lugonu [*****.]
Gold:   842        SH:  0    Dex: 15    Spells: 6/12 levels left

rFire    . . .     SeeInvis .   a - +2 spear (spect)
rCold    + . .     Faith    .   (no shield)
rNeg     . . .     Spirit   +   h - +1 leather armour {rC+}
rPois    .         Reflect  .   m - +1 helmet
rElec    .         Harm     .   x - +0 cloak
rCorr    .         Rampage  .   e - +0 pair of gloves
Will     .....     Clarity  +   (no boots)
Stlth    ++++......             r - amulet of guardian spirit
HPRegen  0.27/turn              l - +4 ring of evasion
MPRegen  0.16/turn              (no ring)

@: about to teleport
A: claws 2, thin skeletal structure 1, powered by pain 1, demonic magic 1,
clarity, mutation resistance 1, MP-powered wands
a: Renounce Religion, Depart the Abyss, Bend Space, Banish, Corrupt, Enter the
Abyss


You were in an ice cave.
You worshipped Lugonu.
Lugonu was extremely pleased with you.
You visited 3 branches of the dungeon, and saw 17 of its levels.
You visited the Abyss 2 times.
You also visited: Sewer and Ice Cave.

You collected 842 gold pieces.

Inventory:

Hand Weapons
 a - a +2 spectral spear (weapon)
 v - a +3 glaive of protection
 B - a +1 vampiric trident
 F - the +8 morningstar "Poote" {vorpal, SInv}
   (You found it in an ice cave)

   It inflicts extra damage upon your enemies.
   It lets you see invisible.
Armour
 c - a +0 buckler
 e - a +0 pair of gloves (worn)
 h - a +1 leather armour of cold resistance (worn)
 m - a +1 helmet (worn)
 x - a +0 cloak (worn)
 A - +0 steam dragon scales
Jewellery
 l - a +4 ring of evasion (right hand)
 r - an amulet of guardian spirit (around neck)
 E - an amulet of the acrobat
Wands
 y - a wand of digging (5)
 D - a wand of mindburst (13)
Scrolls
 b - 2 scrolls of amnesia
 f - 4 scrolls of teleportation
 k - 3 scrolls of magic mapping
 p - 3 scrolls of fog
 q - 2 scrolls of immolation
 u - a scroll of silence
 w - 5 scrolls of enchant armour
 C - 7 scrolls of identify
Potions
 g - a potion of resistance
 i - 2 potions of mutation
 j - 2 potions of curing
 n - 2 potions of magic
 o - 2 potions of haste
 s - a potion of attraction
 t - a potion of invisibility
 z - a potion of ambrosia


   Skills:
 - Level 10.5 Fighting
 - Level 14.0 Polearms
 * Level 6.8 Armour
 * Level 6.9 Dodging
 - Level 6.2 Stealth
 - Level 8.9 Invocations


You had 6 spell levels left.
You knew the following spells:

 Your Spells              Type           Power      Damage    Failure   Level
a - Frozen Ramparts       Ice            0%         1d2       67%         3
b - Ozocubu's Armour      Ice            0%         N/A       67%         3

Your spell library contained the following spells:

 Spells                   Type           Power      Damage    Failure   Level
 Animate Skeleton         Necr           0%         N/A       32%         1
 Apportation              Tloc           0%         N/A       32%         1
 Corona                   Hex            0%         N/A       32%         1
 Freeze                   Ice            0%         1d3       32%         1
 Summon Small Mammal      Summ           0%         N/A       32%         1
 Ensorcelled Hibernation  Hex/Ice        0%         N/A       43%         2
 Confusing Touch          Hex            0%         N/A       67%         3
 Dazzling Flash           Conj/Hex       0%         N/A       67%         3
 Tukima's Dance           Hex            0%         N/A       67%         3
 Hailstorm                Conj/Ice       0%         3d3       97%         4
 Summon Ice Beast         Ice/Summ       0%         N/A       97%         4
 Bolt of Magma            Conj/Fire/Erth 0%         4d4       100%        5
 Iskenderun's Battlesphe  Conj           0%         2d6       100%        5
 Iron Shot                Conj/Erth      0%         9d1       100%        6
 Orb of Destruction       Conj           0%         N/A       100%        7
 Spellforged Servitor     Conj/Summ      0%         N/A       100%        7


Dungeon Overview and Level Annotations

Branches:
Dungeon (11/15)            Temple (0/1) D:4            Lair (5/6) D:8
 Shoals (0/4) Lair:3       Spider (0/4) Lair:2          Orc (1/2) D:9
  Sewer (visited)           IceCv (1/1)
  Slime: Lair:5-6

Altars:
Cheibriados
Elyvilon
Hepliaklqana
Kikubaaqudgha
Makhleb
Okawaru
Ru
Zin

Shops:
D:6 *

Annotations:
D:6 3 runed translucent doors, HendSelp's ghost, novice MfGl
D:9 1 runed translucent door IceCv exclusion: ice statue


Innate Abilities, Weirdness & Mutations

You have very sharp fingernails.
You have a somewhat thin skeletal structure. (Dex +2, Stealth)
You sometimes gain a little power by taking damage.
Spells you cast may paralyse adjacent enemies.
You possess an exceptional clarity of mind.
You are somewhat resistant to further mutation.
You expend magic power (3 MP) to strengthen your wands.


Message History

You barely miss the ice statue.
The ice statue is severely damaged.
Your spectral weapon hits the ice statue but does no damage.
You hit the ice statue but do no damage.
The ice statue is severely damaged.
Your spectral weapon hits the ice statue but does no damage.
The ice beast barely misses you.
You hit the ice statue but do no damage.
The ice statue is severely damaged.
Your spectral weapon hits the ice statue from afar.
You hit the ice statue but do no damage.
The ice statue is severely damaged.
Your spectral weapon hits the ice statue but does no damage.
The ice beast barely misses you.
You hit the ice statue but do no damage.
The ice statue is severely damaged.
Your spectral weapon hits the ice statue from afar.
You hit the ice statue but do no damage.
The ice statue is almost destroyed.
Your spectral weapon hits the ice statue but does no damage.
The ice beast hits you. The ice beast freezes you. You resist.
* * * LOW HITPOINT WARNING * * *
The ice statue gestures at you. The freezing blast engulfs you. You resist.
* * * LOW HITPOINT WARNING * * *
You hit the ice statue but do no damage.
The ice statue is almost destroyed.
Your spectral weapon hits the ice statue but does no damage.
You are engulfed in freezing vapours.
You resist.
* * * LOW HITPOINT WARNING * * *
Your spectral weapon is engulfed in freezing vapours.
Your spectral weapon shares its damage with you!
* * * LOW HITPOINT WARNING * * *
As you read the scroll of teleportation, it crumbles to dust.
You feel strangely unstable.
You are engulfed in freezing vapours.
You resist.
* * * LOW HITPOINT WARNING * * *
The ice beast hits you but does no damage.
The ice statue gestures at you. The shard of ice hits you!!
You partially resist.
You die...

#.'.......'.#.#
###.8...8.###.#
#.'.......'.#.#
###.8...8.###.# #
#.'.......'.#.#
#'######'######'#
#.§§§Y§.........#
####8Y#####.8####
##@#.).#.##
#§#.⌠.#.#
#§#).!#.#
#.##'##.#
#.......#
####8#### ###


You could see an ice statue and 2 ice beasts.

Vanquished Creatures
  Josephine (Lair:4)
  Erolcha (D:9)
  3 hydras
  A tengu warrior (D:10)
  2 two-headed ogres
  A necromancer (IceCv)
  2 black mambas
  A merfolk siren (Lair:3)
  Joseph (D:9)
  2 torpor snails
  2 ice statues (IceCv)
  9 cane toads
  A gargoyle (D:11)
  4 komodo dragons
  5 rime drakes
  A tengu conjurer (D:10)
  9 ice devils (IceCv)
  3 polar bears (Lair:4)
  A hornet (D:10)
  A troll (D:9)
  2 dream sheep (Lair:2)
  3 redbacks (Lair:2)
  A shadow (D:7)
  Sigmund (D:3)
  27 yaks
  11 wyverns
  Eustachio (D:6)
  6 wraiths
  4 basilisks
  4 vampire mosquitoes (D:10)
  A steam dragon (D:8)
  13 water moccasins
  5 orc warriors
  2 sky beasts (D:8)
  11 ice beasts
  An ogre (D:5)
  3 wolves (Lair:1)
  3 centaurs (D:10)
  A phantom (D:4)
  19 bullfrogs
  2 kobold brigands (D:9)
  2 wyvern zombies
  A gnoll sergeant (D:9)
  A howler monkey (D:10)
  An electric eel (D:9)
  3 draconian simulacra (IceCv)
  2 centaur zombies (D:9)
  4 hounds
  2 orc priests
  4 iguanas
  A gnoll shaman (D:7)
  6 orc wizards
  Natasha (thrice) (D:3)
  A spriggan simulacrum (IceCv)
  2 worker ants
  3 troll simulacra (IceCv)
  A centaur simulacrum (IceCv)
  Robin (D:3)
  A howler monkey zombie (D:9)
  A howler monkey skeleton (D:5)
  11 adders
  9 gnolls
  2 ogre simulacra (IceCv)
  7 river rats
  A shadow imp (D:7)
  An ufetubus (D:4)
  2 adder skeletons
  4 worms
  6 dart slugs
  33 orcs
  5 bats
  6 endoplasms
  4 giant cockroaches
  20 goblins
  13 hobgoblins
  19 jackals
  7 kobolds
  3 quokkas
  17 ball pythons
  7 frilled lizards
  15 rats
404 creatures vanquished.

Vanquished Creatures (others)
  An orc (D:8)
  A bush (Lair:5)
  31 fungi
  28 plants
61 creatures vanquished.

Grand Total: 465 creatures vanquished

Notes
Turn   | Place    | Note
-------+----------+-------------------------------------------
     0 | Abyss:1  | rageheart7 the Demonspawn Abyssal Knight began the quest
                  | for the Orb.
     0 | Abyss:1  | Reached XP level 1. HP: 18/18 MP: 2/2
     0 | Abyss:1  | Found a corrupted altar of Lugonu.
    82 | Abyss:1  | Found a shadowy altar of Dithmenos.
    90 | Abyss:1  | Noticed a flying skull
    91 | D:1      | Escaped the Abyss
   272 | D:1      | Reached skill level 2 in Polearms
   307 | D:1      | Gained mutation: You have sharp fingernails. [demonic
                  | ancestry]
   307 | D:1      | Reached XP level 2. HP: 24/24 MP: 3/3
   320 | D:1      | Reached * piety under Lugonu
  1329 | D:1      | Found a snail-covered altar of Cheibriados.
  1748 | D:2      | Gained mutation: Spells you cast may paralyse adjacent
                  | enemies. [demonic ancestry]
  1748 | D:2      | Reached XP level 3. HP: 29/29 MP: 4/4
  2216 | D:2      | Reached skill level 3 in Polearms
  2216 | D:2      | Gained mutation: You have a somewhat thin skeletal
                  | structure. (Dex +2, Stealth) [demonic ancestry]
  2216 | D:2      | Reached XP level 4. HP: 23/37 MP: 5/5
  2481 | D:2      | Found a faded altar of an unknown god.
  2535 | D:2      | Reached ** piety under Lugonu
  2864 | D:3      | Noticed Sigmund
  2864 | D:3      | Gained mutation: You possess an exceptional clarity of
                  | mind. [potion of mutation]
  2864 | D:3      | Gained mutation: You expend magic power (3 MP) to
                  | strengthen your wands. [potion of mutation]
  2864 | D:3      | Gained mutation: You are somewhat resistant to further
                  | mutation. [potion of mutation]
  2921 | D:3      | Killed Sigmund
  2922 | D:3      | Reached skill level 4 in Polearms
  2922 | D:3      | Reached skill level 1 in Stealth
  2922 | D:3      | Gained mutation: You sometimes gain a little power by
                  | taking damage. [demonic ancestry]
  2922 | D:3      | Reached XP level 5. HP: 26/43 MP: 6/6
  3100 | D:3      | Reached XP level 6. HP: 49/49 MP: 7/7
  3137 | D:3      | Noticed Robin
  3443 | D:3      | Killed Robin
  3555 | D:3      | Noticed Natasha
  3566 | D:3      | Killed Natasha
  3740 | D:3      | Noticed Natasha
  3756 | D:3      | Killed Natasha
  3855 | D:3      | Noticed Natasha
  3875 | D:3      | Killed Natasha
  3876 | D:3      | Reached skill level 5 in Polearms
  4568 | D:4      | Found a staircase to the Ecumenical Temple.
  4627 | D:4      | Reached *** piety under Lugonu
  4655 | D:4      | Found a glowing drain.
  4659 | Sewer    | Entered a sewer
  5252 | D:4      | Reached XP level 7. HP: 30/55 MP: 8/8
  5471 | D:4      | Reached skill level 5 in Fighting
  5766 | D:4      | Reached skill level 6 in Polearms
  6203 | D:5      | Entered Level 5 of the Dungeon
  6238 | D:5      | Reached **** piety under Lugonu
  6636 | D:5      | Found an ancient bone altar of Kikubaaqudgha.
  6776 | D:5      | Reached XP level 8. HP: 45/64 MP: 9/9
  6967 | D:5      | Reached skill level 7 in Polearms
  7459 | D:6      | Found an iron altar of Okawaru.
  7465 | D:6      | Found a hazy altar of Hepliaklqana.
  7522 | D:6      | Noticed Eustachio
  7523 | D:6      | Found Vesett's Assorted Antiques.
  7534 | D:6      | Killed Eustachio
  7663 | D:6      | Reached skill level 8 in Polearms
  8054 | D:6      | Found a runed translucent gate.
  8054 | D:6      | Found a runed translucent gate.
  8054 | D:6      | Found a runed translucent gate.
  8054 | D:6      | Noticed HendSelp's ghost (novice MfGl)
  8345 | D:7      | Reached XP level 9. HP: 71/71 MP: 10/10
  8395 | D:7      | Found a sacrificial altar of Ru.
  8592 | D:7      | Reached skill level 9 in Polearms
  8684 | D:7      | Found a burning altar of Makhleb.
  9468 | D:8      | Reached skill level 5 in Stealth
  9693 | D:8      | Found a staircase to the Lair.
  9694 | D:8      | Noticed a komodo dragon
  9955 | D:8      | Killed a komodo dragon
  9964 | Lair:1   | Entered Level 1 of the Lair of Beasts
 10046 | D:9      | Noticed Erolcha
 10290 | D:9      | Cast into level 1 of the Abyss (Erolcha)
 10290 | Abyss:1  | Found a corrupted altar of Lugonu.
 10309 | D:9      | Escaped the Abyss
 10316 | D:9      | Killed Erolcha
 10317 | D:9      | Reached skill level 10 in Polearms
 10317 | D:9      | Reached XP level 10. HP: 60/80 MP: 9/11
 10445 | D:9      | Noticed a two-headed ogre
 10453 | D:9      | Killed a two-headed ogre
 11048 | D:9      | Found a staircase to the Orcish Mines.
 11084 | D:9      | Found a runed translucent door.
 11088 | D:9      | Noticed a cyclops
 11195 | D:9      | Reached ***** piety under Lugonu
 11201 | D:9      | Reached skill level 11 in Polearms
 11268 | D:9      | Reached skill level 5 in Invocations
 11667 | D:9      | Gained mutation: You have very sharp fingernails. [demonic
                  | ancestry]
 11667 | D:9      | Reached XP level 11. HP: 81/90 MP: 12/14
 11789 | D:9      | Noticed Joseph
 11800 | D:9      | Killed Joseph
 12005 | Orc:1    | Entered Level 1 of the Orcish Mines
 12005 | Orc:1    | Noticed an orc sorcerer
 12022 | D:10     | Entered Level 10 of the Dungeon
 12154 | D:10     | Paralysed by a hornet for 2 turns
 12431 | D:10     | Noticed a two-headed ogre
 12443 | D:10     | Killed a two-headed ogre
 12444 | D:10     | Reached skill level 10 in Fighting
 13152 | D:10     | Noticed a tengu warrior
 13166 | D:10     | Killed a tengu warrior
 13167 | D:10     | Reached skill level 12 in Polearms
 14187 | D:11     | Reached skill level 1 in Dodging
 14333 | D:11     | Noticed a boulder beetle
 15971 | Lair:1   | Reached XP level 12. HP: 59/98 MP: 17/17
 16198 | Lair:2   | Reached skill level 13 in Polearms
 16268 | Lair:2   | Found a hole to the Spider Nest.
 16713 | Lair:2   | Noticed a four-headed hydra
 16725 | Lair:2   | Killed a four-headed hydra
 17464 | Lair:3   | Noticed a four-headed hydra
 17474 | Lair:3   | Killed a four-headed hydra
 17848 | Lair:3   | Reached skill level 5 in Armour
 18288 | Lair:3   | Noticed a five-headed hydra
 18298 | Lair:3   | Killed a five-headed hydra
 18470 | Lair:3   | Found a staircase to the Shoals.
 18887 | Lair:3   | Learned a level 3 spell: Frozen Ramparts
 18891 | Lair:3   | Learned a level 3 spell: Ozocubu's Armour
 19057 | Lair:4   | Reached skill level 5 in Dodging
 19897 | Lair:4   | Noticed Josephine
 19914 | Lair:4   | Reached XP level 13. HP: 97/104 MP: 16/19
 19945 | Lair:4   | Killed Josephine
 19980 | Lair:4   | Reached skill level 14 in Polearms
 20507 | Lair:5   | Found a frozen archway.
 20557 | IceCv    | Entered an ice cave
 22568 | IceCv    | Identified the +8 morningstar "Poote" {vorpal, SInv}
 22666 | IceCv    | Killed from afar by an ice statue

Illustrated notes

Levels and vault maps discovered:
D:1:      denvon_arrival_planthouse, layout_loops_ring, cheibriados_altar_1
D:2:      layout_loops_ring, chequers_ecumenical_altar_simple
D:3:      layout_basic, uniq_natasha, uniq_sigmund, uniq_robin
D:4:      kennysheep_goblin_castle, layout_rooms,
          minmay_temple_entry_butterflies, portal_sewer_entry_e
D:5:      layout_rooms, basic_altar
D:6:      layout_basic, chequers_temple_overflow_statue_of_worship,
          serial_shops, shop, gammafunk_ghost_nasty_kobolds, elyvilon_altar_3,
          uniq_eustachio
D:7:      layout_loops_ring, bloody_makhleb, chequers_serial_rivers_micro_d,
          hangedman_feature_mirror
D:8:      layout_loops_ring, david_lair_shrubbed
D:9:      argonaut_augean_stables, layout_basic, david_orc_3, st_stairs_14,
          minmay_st_funbox, grunt_ministairs_15, blue_anna_alchemist
          [blue_anna_fruit_fields, blue_anna_fruit_fields], uniq_erolcha,
          uniq_joseph
D:10:     layout_stronghold, st_stairs_14, nrook_campfire,
          kennysheep_generic_room_8
D:11:     minmay_tile_spiral, layout_basic
Lair:1:   layout_loops_ring, grunt_megastairs_1
Lair:2:   layout_regular_city, spider_nest_entry_webs,
          cheibrodos_lair_reptile_den
Lair:3:   layout_loops_ring, minmay_shoals_entry_lonely_mermaid,
          chequers_serial_rivers_micro_a
Lair:4:   layout_roguey, beast_lair_carwin_9, grunt_megastairs_2, uniq_josephine
Lair:5:   layout_long_grid, minmay_slime_entry_oklob_open,
          portal_ice_cave_entry_ice_beasts, uniq_kirke
Orc:1:    nicolae_orc_accident_3, layout_caves, serial_shops, shop, rock_pile
IceCv:    ice_cave_tombish

Skill      XL: |  1  2  3  4  5  6  7  8  9 10 11 12 13 |
---------------+----------------------------------------+-----
Polearms       | 2 3 4 5 6 8 10 11 12 13 14 | 14.0
Fighting       | 4 5 6 8 9 10 | 10.5
Stealth        | 1 2 3 6 |  6.2
Invocations    | 5 6 8 |  8.9
Dodging        | 2 5 6 |  6.9
Armour         | 3 6 |  6.8

Action                   |  1- 3 |  4- 6 |  7- 9 | 10-12 | 13-15 || total
-------------------------+-------+-------+-------+-------+-------++-------
Melee: Spear             |   158 |   406 |   482 |   789 |   348 ||  2183
Invok: Depart the Abyss  |     1 |       |     1 |       |       ||     2
       Bend Space        |       |     1 |       |       |       ||     1
       Banish            |       |       |       |     1 |     4 ||     5
Evoke: Wand              |       |       |       |       |    10 ||    10
  Use: Potion            |     2 |     6 |     2 |     7 |     4 ||    21
       Scroll            |       |     5 |    12 |     3 |     2 ||    22
 Stab: Sleeping          |     2 |    12 |    16 |    18 |    10 ||    58
       Invisible         |       |     2 |       |       |       ||     2
       Distracted        |       |     3 |     2 |    22 |     8 ||    35
Armor: Leather armour    |    27 |    69 |    93 |    54 |    26 ||   269
       Skin              |       |       |       |    49 |       ||    49
Dodge: Dodged            |    74 |   160 |   244 |   215 |   111 ||   804

Table legend: (Time is in decaauts)
 A = Elapsed time spent in this place.
 B = Non-inter-level travel time spent in this place.
 C = Inter-level travel time spent in this place.
 D = Time resting spent in this place.
 E = Time spent auto-exploring this place.
 F = Levels seen in this place.
 G = Mean time per level.
                   A        B        C        D        E       F      G
               +--------+--------+--------+--------+--------+-----+--------+
         Total |  22005 |  21319 |    686 |   4224 |  13719 |  21 | 1047.9 |
       Dungeon |  13526 |  13027 |    499 |   1802 |   9056 |  11 | 1229.6 |
          Lair |   5910 |   5723 |    187 |   1215 |   3815 |   5 | 1182.0 |
  Orcish Mines |      1 |      1 |      0 |      0 |      0 |   1 |    1.0 |
         Abyss |    109 |    109 |      0 |      0 |    107 |   2 |   54.5 |
         Sewer |    483 |    483 |      0 |      0 |    359 |   1 |  483.0 |
      Ice Cave |   1973 |   1973 |      0 |   1206 |    381 |   1 | 1973.0 |
               +--------+--------+--------+--------+--------+-----+--------+

Top non-repeatable levels by time:
   IceCv: 1973 daAuts
     D:9: 1856 daAuts
    D:10: 1777 daAuts
     D:1: 1644 daAuts
  Lair:3: 1551 daAuts
  Lair:4: 1458 daAuts
  Lair:2: 1454 daAuts
     D:3: 1452 daAuts
     D:8: 1370 daAuts
  Lair:1: 1364 daAuts
     D:2: 1334 daAuts
     D:4: 1148 daAuts
     D:5: 1107 daAuts
     D:6: 899 daAuts
     D:7: 737 daAuts
